Map: Abyssal Reef LE

Players

eXile - Winner!

  • Race: Zerg Zerg
  • League: Platinum
  • Spawn Location: 11:00

Grouper

  • Race: Terran Terran
  • League: Platinum
  • Spawn Location: 5:00

VOD

Have the link to the VOD?

Description

Time

  • Played on: May 29, 2017, 6:43 p.m.
  • Length: 6:54
Show
View Real Time Build Order
Export as new Build Order

eXile Zerg - Winner!

Build Orders: Hatch First 

Get SALT Encoding   

  12  0:01  Drone  
  13  0:13  Overlord  
  13  0:19  Drone  
  14  0:35  Drone x2  
  16  0:38  Drone  
  17  0:56  Hatchery  
  16  0:58  Drone  
  16  1:00  Extractor  
  16  1:03  Drone  
  17  1:20  Spawning Pool  
  17  1:22  Drone  
  17  1:24  Drone  
  18  1:37  Drone  
  19  1:41  Drone  
  20  2:02  Overlord  
  20  2:03  Overlord  
  20  2:07  Metabolic Boost  
  20  2:08  Queen  
  22  2:21  Evolution Chamber  
  21  2:24  Zergling x8  
  25  2:37  Pneumatized Carapace  
  25  2:40  Drone  
  25  2:41  Drone x2  
  28  3:05  Zergling x2  
  28  3:06  Zergling x8  
  33  3:15  Zerg Melee Weapons Level 1  
  33  3:21  Drone  
  33  3:22  Drone  
  35  3:42  Zergling x2  
  35  3:43  Zergling x10  
  41  4:22  Zergling x6  
  44  4:25  Overlord x3  
  36  4:52  Zergling x8  
  37  4:53  Zergling x2  
  34  5:08  Drone  
  34  5:09  Drone x2  
  34  5:10  Queen  
  39  5:17  Overlord  
  39  5:19  Extractor  
  38  5:23  Hatchery  
  37  5:31  Baneling Nest  
  36  5:46  Queen  
  38  5:52  Lair  
  38  5:54  Drone x6  
  38  5:55  Drone x3  
  47  6:08  Overlord x2  
  47  6:14  Baneling x4  
  47  6:16  Baneling  
  47  6:17  Baneling x3  
  47  6:29  Drone x6  
  47  6:30  Drone x2  
Show
View Real Time Build Order
Export as new Build Order

Grouper Terran 

Build Orders:  

Get SALT Encoding   

  12  0:01  SCV  
  13  0:13  SCV  
  14  0:21  Supply Depot  
  14  0:25  SCV  
  15  0:43  SCV  
  15  0:45  Barracks  
  16  0:55  SCV  
  17  1:00  Barracks  
  17  1:06  Refinery  
  17  1:07  SCV  
  18  1:19  SCV  
  19  1:26  Supply Depot  
  19  1:33  Marine  
  19  1:34  Orbital Command  
  20  1:47  Barracks Tech Lab  
  20  1:54  Marine  
  21  2:02  SCV  
  21  2:07  Marauder  
  24  2:13  Barracks Reactor  
  24  2:14  SCV  
  25  2:32  SCV  
  25  2:33  Command Center  
  26  2:39  Refinery  
  26  2:44  Marauder  
  28  2:48  SCV  
  29  2:57  Supply Depot  
  29  3:00  SCV  
  30  3:10  Factory  
  30  3:19  Marauder  
  32  3:24  SCV  
  33  3:29  Bunker  
  33  3:33  Marine  
  33  3:34  Marine  
  35  3:37  SCV  
  36  3:43  Marauder  
  38  3:55  Marine x2  
  38  3:56  Factory Tech Lab  
  40  4:05  Orbital Command  
  40  4:14  SCV  
  40  4:15  Siege Tank  
  44  4:18  Marine x2  
  45  4:43  Marine x2  
  33  5:14  Marine x2  
  35  5:33  Siege Tank  
  35  5:34  Marine x2  
  40  5:35  Barracks Tech Lab  
  40  5:36  SCV  
  40  5:37  SCV  
  42  5:44  Supply Depot  
  42  5:47  Starport  
  42  5:49  SCV x2  
  44  5:52  Bunker  
  44  6:02  Command Center  
  43  6:16  Marine x2  
  43  6:17  Siege Tank, Marauder  
  43  6:18  SCV  
  51  6:25  Starport  
  51  6:27  Engineering Bay  
  51  6:30  SCV x2  
  53  6:34  Refinery  
  47  6:47  Command Center  
Tags
 
Add a new tag
Caveats
  • Supply blocks, unpowered buildings, or Contaminate may cause inaccurate times.
  • Supply counts are checked every 10 seconds.